 Dungeon Crawl Stone Soup version 0.23.0-3-gf3c87f2 (webtiles) character file.

Game seed: 17452101387161186502

14416 Lauz the Carver (level 11, -4/92 HPs)
             Began as a Grey Draconian Berserker on Feb 21, 2019.
             Was a High Priest of Trog.
             Slain by a large slime creature (40 damage)
             ... summoned by an orange crystal statue
             ... in a Gauntlet.
             The game lasted 00:40:52 (13966 turns).

Lauz the Carver (Grey Draconian Berserker)         Turns: 13966, Time: 00:40:54

Health: -4/92      AC: 18    Str: 23      XL:     11   Next: 88%
Magic:  5/11       EV: 23    Int:  6 (8)  God:    Trog [*****.]
Gold:   191        SH:  0    Dex: 12      Spells: 10/10 levels left

rFire    . . .     SeeInvis .   O - +0 great sword
rCold    . . .     Gourm    .   (shield currently unavailable)
rNeg     . . .     Faith    .   (armour unavailable)
rPois    .         Spirit   .   (helmet restricted)
rElec    .         Reflect  .   w - +2 cloak
rCorr    .         Harm     .   V - +2 pair of gloves
MR       +++..     NoTele   +   (no boots)
Stlth    ..........             E - amulet of rage
HPRegen  0.25/turn              K - +4 ring of evasion
MPRegen  0.12/turn              Y - ring "Kafo" {+Fly MR+++ EV+2 Dex+2 Stlth-}

@: berserk cooldown, slowed, very slow
A: walk through water, unfitting armour, unbreathing, cold-blooded, AC +12
a: Berserk, Trog's Hand, Brothers in Arms, Renounce Religion, Evoke Berserk
Rage, Evoke Flight


You were in a Gauntlet.
You worshipped Trog.
Trog was extremely pleased with you.
You were not hungry.

You visited 1 branch of the dungeon, and saw 11 of its levels.
You also visited: Gauntlet.

You collected 575 gold pieces.
You spent 384 gold pieces at shops.

Inventory:

Hand Weapons
 l - a +0 dagger of protection
 O - a +0 great sword (weapon)
 R - a +0 long sword
 T - a +3 dire flail of protection
Missiles
 q - 2 needles of frenzy
 s - 230 stones (quivered)
 J - 4 needles of paralysis
Armour
 i - a +0 large shield
 p - a +0 pair of gloves
 w - a +2 cloak (worn)
 G - a scarf of resistance
 P - a scarf of resistance
 Q - a +1 buckler of poison resistance
 V - a +2 pair of gloves (worn)
 Z - the +0 pair of boots of the Elephant {rC- rN+++ Int+5 Dex-5}
   (You found it in a Gauntlet)

   It affects your intelligence (+5).
   It affects your dexterity (-5).
   It makes you vulnerable to cold.
   It renders you almost immune to negative energy.
Jewellery
 c - an uncursed ring of see invisible
 f - an uncursed ring of wizardry
 h - an uncursed ring of flight
 o - an uncursed ring of see invisible
 E - an amulet of rage (around neck)
 H - an uncursed ring of positive energy
 K - a +4 ring of evasion (left hand)
 W - an uncursed amulet of the gourmand {unknown}
 Y - the ring "Kafo" (right hand) {+Fly MR+++ EV+2 Dex+2 Stlth-}
   (You found it in a Gauntlet)

   [ring of evasion]

   It affects your evasion (+2).
   It affects your dexterity (+2).
   It affects your resistance to hostile enchantments.
   It lets you fly.
   It makes you less stealthy.
Wands
 g - a wand of disintegration (15)
 C - a wand of polymorph (1)
 M - a wand of flame (23)
Scrolls
 d - 3 scrolls of random uselessness
 e - 13 scrolls of identify
 j - 3 scrolls of teleportation {unknown}
 k - 5 scrolls of remove curse
 m - 3 scrolls of amnesia
 t - 2 scrolls of fear
 v - a scroll of magic mapping
 y - 3 scrolls of immolation
 B - a scroll of enchant weapon {unknown}
 F - a scroll of enchant armour {unknown}
 I - a scroll of brand weapon {unknown}
 X - a scroll of fog {unknown}
Potions
 a - a potion of mutation {unknown}
 n - 2 potions of brilliance {unknown}
 r - a potion of agility
 u - a potion of resistance
 x - 2 potions of berserk rage {unknown}
 z - 3 potions of lignification
 A - a potion of cancellation {unknown}
 D - 2 potions of heal wounds
 L - a potion of haste {unknown}
 N - a potion of curing
 U - a potion of flight {unknown}
Miscellaneous
 S - a fan of gales
Comestibles
 b - 25 rations


   Skills:
 + Level 7.5 Fighting
 * Level 14.6 Long Blades
 + Level 0.1 Throwing
 * Level 10.2 Dodging
 - Level 0.4 Stealth


You had 10 spell levels left.
You didn't know any spells.
Your spell library was empty.

Dungeon Overview and Level Annotations

Branches:
Dungeon (11/15)            Temple (0/1) D:7            Lair (0/6) D:10
    Orc (0/2) D:9

Altars:
Ashenzari
Fedhas
Hepliaklqana
Kikubaaqudgha
Makhleb
Nemelex Xobeh
Okawaru
Qazlal
Sif Muna
Trog
Uskayaw
Vehumet
Wu Jian
Xom
Yredelemnul
Zin

Shops:
D:8 ?([   D:11 ?

Annotations:
D:3 Grinder
D:5 2 runed translucent doors Gauntlet 7 transporters, exclusion: orange crystal statue


Innate Abilities, Weirdness & Mutations

You can walk through water.
Your dull iron-grey scales are very hard. (AC +12)
You cannot fit into any form of body armour.
You can survive without breathing.
You are cold-blooded and may be slowed by cold attacks.


Message History

The killer bee completely misses you. The spiny frog barely misses you.
The killer bee misses you.
You miss the killer bee. You tail-slap the killer bee.
The killer bee is lightly wounded.
The killer bee misses you.
The killer bee completely misses you. x2
The killer bee misses you. x2; You riposte.
You barely miss the killer bee.
Your tail-slap misses the killer bee.
The killer bee is lightly wounded.
Two slime creatures merge to form a large slime creature.
The killer bee stings you but does no damage.
The spiny frog misses you.
You riposte.
You closely miss the spiny frog. The killer bee completely misses you.
The spiny frog completely misses you.
The killer bee stings you but does no damage.
You miss the killer bee.
The killer bee is lightly wounded.
The killer bee completely misses you.
You riposte.
You miss the killer bee.
The killer bee is lightly wounded.
The killer bee barely misses you. The spiny frog stings you!
The killer bee barely misses you. The large slime creature hits you!!!
You die...

.###########..#.###.###..##
.....#©#......#...©)###..≈#
.....#©#......#########..##
.###########.....#©#.....≈#
.#24.......#.....#©#.....##
.#.PPP..P..#..#########..≈#
.#.P#PPP#..#..#y....#.#..##
.#.P.P.PPP.#..#y##..#.#..≈#
.#....©....#..##@J##..#..##
.#.PPP...P.#..##Fyyy.##..≈#
.#.P#PPP#..#..#..##J.##..##
.#.PP....P2#..#.#Jy##.#..≈#
.#..)[©.$..#..#.#?©J.8#..##
.###########..#########..≈#
.............∩...........##
.........................§#
≈#§#≈#≈#≈########≈#≈#≈#§###


You could see 2 large slime creatures, 2 slime creatures, a spiny frog and 6
killer bees.

Vanquished Creatures
  The ghost of inmateoo the Slinger, a journeyman HaHu of Okawaru (D:10)
  A catoblepas (Gauntlet)
  4 two-headed ogres
  An unseen horror (D:10)
  Pikel (D:8)
  A smoke demon (Gauntlet)
  A gargoyle (Gauntlet)
  A queen bee (D:9)
  A hornet (D:11)
  A hippogriff (D:8)
  Sigmund (D:5)
  3 wyverns
  Eustachio (D:6)
  Menkaure (D:7)
  3 soldier ants (D:5)
  3 water moccasins
  A porcupine (D:9)
  Duvessa (D:5)
  A slave (D:7)
  4 black bears
  4 orc warriors
  4 ice beasts
  2 phantoms
  6 sky beasts
  2 necrophages
  3 ogres
  4 centaurs
  A gnoll sergeant (D:8)
  7 bullfrogs
  Dowan (D:5)
  7 scorpions
  29 killer bees
  2 howler monkeys
  5 crimson imps
  A centaur zombie (D:6)
  A bullfrog zombie (D:10)
  A quasit (D:8)
  4 jellies
  7 orc priests
  6 hounds
  10 orc wizards
  2 bullfrog skeletons
  Jessica (D:3)
  4 iguanas
  11 worker ants
  A hound skeleton (D:7)
  A hound zombie (D:8)
  A howler monkey zombie (D:8)
  2 gnolls
  20 adders
  A howler monkey skeleton (D:5)
  4 shadow imps
  2 oozes
  An adder skeleton (D:7)
  2 worms
  2 dart slugs
  4 leopard geckos
  31 orcs
  2 giant cockroaches
  2 gnoll zombies (D:2)
  6 goblins
  7 hobgoblins
  21 jackals
  5 kobolds
  4 quokkas
  10 bats
  6 frilled lizards
  A leopard gecko skeleton (D:4)
  A quokka skeleton (D:6)
  5 rats
299 creatures vanquished.

Vanquished Creatures (others)
  A gnoll (D:8)
  An orc (D:8)
  3 demonic plants (Gauntlet)
5 creatures vanquished.

Grand Total: 304 creatures vanquished

Notes
Turn   | Place    | Note
-------+----------+-------------------------------------------
     0 | D:1      | Lauz the Draconian Berserker began the quest for the Orb.
     0 | D:1      | Reached XP level 1. HP: 19/19 MP: 1/1
   165 | D:1      | Reached XP level 2. HP: 18/26 MP: 2/2
  1392 | D:2      | Reached XP level 3. HP: 31/31 MP: 3/3
  1429 | D:2      | Reached ** piety under Trog
  2105 | D:2      | Reached XP level 4. HP: 34/40 MP: 4/4
  2122 | D:2      | Found a basalt altar of Yredelemnul.
  2365 | D:3      | Reached skill level 4 in Long Blades
  2679 | D:3      | Noticed Grinder
  2680 | D:3      | Paralysed by Grinder for 5 turns
  2931 | D:3      | Found a burning altar of Makhleb.
  3200 | D:3      | Found a hazy altar of Hepliaklqana.
  3242 | D:3      | Noticed Jessica
  3254 | D:3      | Killed Jessica
  3254 | D:3      | Reached XP level 5. HP: 45/46 MP: 5/5
  3324 | D:4      | Reached *** piety under Trog
  3354 | D:4      | Reached skill level 5 in Long Blades
  3889 | D:4      | Reached XP level 6. HP: 47/52 MP: 6/6
  3958 | D:4      | Found an ornate altar of the Wu Jian Council.
  4191 | D:5      | Entered Level 5 of the Dungeon
  4204 | D:5      | Found a sparkling altar of Nemelex Xobeh.
  4213 | D:5      | Found a hide-covered altar of Uskayaw.
  4213 | D:5      | Found a shimmering altar of Xom.
  4497 | D:5      | Found an iron altar of Okawaru.
  4567 | D:5      | Reached skill level 6 in Long Blades
  4703 | D:5      | Noticed Duvessa
  4711 | D:5      | Noticed Dowan
  4998 | D:5      | Noticed a sky beast
  5005 | D:5      | Killed a sky beast
  5005 | D:5      | Your scales start taking on a dull iron-grey colour.
  5005 | D:5      | Reached XP level 7. HP: 59/59 MP: 7/7
  5005 | D:5      | Gained mutation: You can survive without breathing. [Grey
                  | Draconian growth]
  5030 | D:5      | Found the +9 staff of Olgreb {rPois}
  5031 | D:5      | Found a runed translucent door.
  5054 | D:5      | Found a runed translucent gate.
  5054 | D:5      | Found a runed translucent gate.
  5065 | D:5      | Found a runed translucent gate.
  5072 | D:5      | Found a runed translucent door.
  5082 | D:5      | Reached skill level 7 in Long Blades
  5140 | D:4      | HP: 3/60 [poisoned by a water moccasin]
  5162 | D:4      | HP: 4/90 [poisoned by a water moccasin]
  5164 | D:4      | HP: 1/90 [water moccasin (2)]
  5181 | D:4      | Reached skill level 5 in Dodging
  5500 | D:5      | Reached XP level 8. HP: 53/67 MP: 8/8
  5572 | D:5      | Reached skill level 8 in Long Blades
  6177 | D:5      | Reached skill level 5 in Fighting
  6315 | D:5      | Noticed Sigmund
  6324 | D:5      | Killed Dowan
  6333 | D:5      | Killed Duvessa
  6333 | D:5      | Reached skill level 9 in Long Blades
  6349 | D:5      | Killed Sigmund
  6356 | D:5      | Reached XP level 9. HP: 74/74 MP: 9/9
  6856 | D:6      | Noticed Eustachio
  6878 | D:6      | Killed Eustachio
  6950 | D:6      | Reached **** piety under Trog
  7292 | D:6      | Found a shattered altar of Ashenzari.
  7310 | D:6      | Reached skill level 10 in Long Blades
  7413 | D:6      | Received a gift from Trog
  7731 | D:6      | Found a blossoming altar of Fedhas.
  7732 | D:6      | Found a stormy altar of Qazlal.
  8880 | D:7      | Reached skill level 11 in Long Blades
  8940 | D:7      | Found a staircase to the Ecumenical Temple.
  9024 | D:7      | Noticed Menkaure
  9032 | D:7      | Killed Menkaure
  9445 | D:8      | Reached XP level 10. HP: 74/83 MP: 10/10
  9482 | D:8      | Reached ***** piety under Trog
 10079 | D:8      | Found Amol's Armour Shoppe.
 10082 | D:8      | Bought a scarf of resistance for 384 gold pieces
 10188 | D:8      | Found Xisig's Weapon Shop.
 10262 | D:8      | Noticed Pikel
 10276 | D:8      | Killed Pikel
 10546 | D:8      | Noticed a two-headed ogre
 10554 | D:8      | Killed a two-headed ogre
 10554 | D:8      | Reached skill level 12 in Long Blades
 10679 | D:8      | Found Totwessi's Magic Scroll Shoppe.
 11137 | D:9      | Found a bloodstained altar of Trog.
 11139 | D:9      | Noticed a two-headed ogre
 11146 | D:9      | Killed a two-headed ogre
 11352 | D:9      | Found a deep blue altar of Sif Muna.
 11353 | D:9      | Found an ancient bone altar of Kikubaaqudgha.
 11354 | D:9      | Found a radiant altar of Vehumet.
 11598 | D:9      | Reached XP level 11. HP: 78/91 MP: 11/11
 11692 | D:9      | Received a gift from Trog
 11692 | D:9      | Reached skill level 13 in Long Blades
 11989 | D:9      | Found a staircase to the Orcish Mines.
 12117 | D:9      | Found a glowing silver altar of Zin.
 12148 | D:10     | Entered Level 10 of the Dungeon
 12167 | D:10     | Found a staircase to the Lair.
 12463 | D:10     | Noticed an unseen horror
 12468 | D:10     | Killed an unseen horror
 12623 | D:10     | Noticed a two-headed ogre
 12635 | D:10     | Killed a two-headed ogre
 12991 | D:10     | Found a runed translucent door.
 12991 | D:10     | Noticed inmateoo's ghost (journeyman HaHu)
 13007 | D:10     | Killed inmateoo's ghost
 13091 | D:10     | Reached skill level 14 in Long Blades
 13296 | D:10     | Noticed a two-headed ogre
 13304 | D:10     | Killed a two-headed ogre
 13304 | D:10     | Reached skill level 10 in Dodging
 13528 | D:11     | Found Ohuicucs's Magic Scroll Boutique.
 13597 | D:11     | Found a gate leading to a gauntlet.
 13605 | Gauntlet | Entered a Gauntlet
 13605 | Gauntlet | Found a transporter.
 13605 | Gauntlet | Found a transporter.
 13605 | Gauntlet | Found a transporter.
 13605 | Gauntlet | Noticed a catoblepas
 13608 | Gauntlet | Found a transporter.
 13609 | Gauntlet | Found a transporter.
 13612 | Gauntlet | Found a transporter.
 13621 | Gauntlet | Found a transporter.
 13623 | Gauntlet | Found a transporter.
 13623 | Gauntlet | Found a transporter.
 13625 | Gauntlet | Found a transporter.
 13625 | Gauntlet | Noticed a queen ant
 13630 | Gauntlet | Noticed a green death
 13631 | Gauntlet | Found a transporter.
 13632 | Gauntlet | Found a transporter.
 13735 | Gauntlet | Noticed an orange crystal statue
 13781 | Gauntlet | Killed a catoblepas
 13866 | Gauntlet | Got a transparent brass ring
 13873 | Gauntlet | Identified the ring "Kafo" {+Fly MR+++ EV+2 Dex+2 Stlth-}
                  | (You found it in a Gauntlet)
 13923 | Gauntlet | Got a pair of faintly glowing boots
 13930 | Gauntlet | Identified the cursed +0 pair of boots of the Elephant {rC-
                  | rN+++ Int+5 Dex-5} (You found it in a Gauntlet)
 13966 | Gauntlet | Slain by a large slime creature

Skill      XL: |  1  2  3  4  5  6  7  8  9 10 11 |
---------------+----------------------------------+-----
Dodging        | 3 4 5 6 7 9 10 | 10.2
Long Blades    | 4 5 6 7 9 11 12 14 | 14.6
Fighting       | 4 5 6 7 |  7.5
Throwing       | |  0.1
Stealth        | |  0.4

Action                   |  1- 3 |  4- 6 |  7- 9 | 10-12 || total
-------------------------+-------+-------+-------+-------++-------
Melee: Falchion          |   139 |   169 |   544 |   140 ||   992
       Tailslap          |    20 |    28 |    92 |    80 ||   220
       Great sword       |       |       |       |   344 ||   344
Throw: Stone             |       |       |       |     3 ||     3
Invok: Trog's Hand       |       |     1 |     1 |       ||     2
       Berserk           |       |     1 |     4 |     5 ||    10
 Abil: Evoke Flight      |       |     1 |       |       ||     1
Evoke: Wand              |       |       |     3 |       ||     3
  Use: Scroll            |       |     1 |     1 |     6 ||     8
       Potion            |       |       |    11 |       ||    11
 Stab: Sleeping          |       |     1 |     2 |     1 ||     4
  Eat: Chunk             |     3 |     8 |    19 |    11 ||    41
       Ration            |       |     1 |       |     3 ||     4
Armor: Skin              |    45 |    57 |   197 |   169 ||   468
Dodge: Dodged            |    98 |   114 |   361 |   634 ||  1207
       Rpst.: Falchion   |    41 |    33 |   113 |    34 ||   221
       Great sword       |       |       |       |   152 ||   152
